 Dungeon Crawl Stone Soup version 0.20-a0-739-g6bb112f (webtiles) character file.

1706 polly the Quickloader (level 8, 0/74 HPs)
             Began as a Deep Dwarf Hunter on Feb 25, 2017.
             Was a Follower of Trog.
             Slain by a two-headed ogre
             ... wielding a +0 giant club
              (10 damage)
             ... on level 7 of the Dungeon.
             The game lasted 00:11:45 (6153 turns).

polly the Quickloader (Deep Dwarf Hunter)           Turns: 6153, Time: 00:11:46

Health: 0/74       AC: 13    Str: 16    XL:     8   Next: 73%
Magic:  0/0        EV:  8    Int: 12    God:    Trog [*.....]
Gold:   283        SH:  0    Dex: 15    Spells: 7/7 levels left

rFire    + . .     SeeInvis .   B - +0 arbalest
rCold    . . .     Gourm    .   I - +0 chain mail {rF+}
rNeg     . . .     Faith    .   (shield currently unavailable)
rPois    .         Spirit   .   E - +0 helmet
rElec    .         Reflect  .   x - +0 cloak
rCorr    .         Harm     .   (no gloves)
MR       +....                  A - +0 pair of boots
Stlth    ..........             (no amulet)
Regen    0.0/turn               (no ring)
MPRegen  0.1/turn               C - +3 ring of slaying

@: non-regenerating
A: damage resistance, heal wounds, sense surroundings 1, no regeneration
a: Heal Wounds, Berserk, Burn Spellbooks, Renounce Religion


You were on level 7 of the Dungeon.
You worshipped Trog.
Trog was aware of your devotion.
You were hungry.

You visited 1 branch of the dungeon, and saw 7 of its levels.

You collected 283 gold pieces.

Inventory:

Hand Weapons
 B - a +0 arbalest (weapon)
 G - a +3 flail of crushing
Missiles
 d - 24 bolts (quivered)
Armour
 x - a +0 cloak (worn)
 A - a +0 pair of boots (worn)
 E - a +0 helmet (worn)
 I - a +0 chain mail of fire resistance (worn)
Jewellery
 u - an uncursed ring of resist corrosion
 C - a +3 ring of slaying (left hand)
Wands
 t - a wand of acid (6/15)
 w - a wand of flame (27/48)
 F - a wand of random effects (12/48)
Scrolls
 e - a scroll of teleportation {unknown}
 g - a scroll of enchant armour {unknown}
 k - a scroll of fear {unknown}
 l - 8 scrolls of identify {unknown}
 n - 3 scrolls of remove curse {unknown}
 o - a scroll of noise {unknown}
 r - 2 scrolls of immolation {unknown}
 s - 3 scrolls of amnesia {unknown}
 H - a scroll of magic mapping {unknown}
Potions
 c - a potion of berserk rage {unknown}
 h - 3 potions of curing
 m - a potion of haste {unknown}
 p - 2 potions of agility {unknown}
 q - a potion of heal wounds {unknown}
 v - a potion of degeneration {unknown}
 z - a potion of lignification {unknown}
 D - 2 potions of brilliance {unknown}
Books
 y - a book of Changes

   Spells                             Type                      Level
   a - Beastly Appendage              Transmutation                1
   b - Sticks to Snakes               Transmutation                2
   c - Spider Form                    Transmutation/Poison         3
   d - Ice Form                       Ice/Transmutation            4
   e - Blade Hands                    Transmutation                5
   Trog disapproves of the use of such an item.
Comestibles
 f - 5 bread rations
 i - 3 meat rations
 j - 5 royal jellies


   Skills:
 + Level 5.2 Fighting
   Level 2.4 Short Blades
 + Level 0.2 Maces & Flails
   Level 2.4 Polearms
 + Level 8.7 Crossbows
 + Level 0.3 Throwing
 + Level 4.6 Armour
 + Level 3.5 Dodging
 + Level 2.0 Stealth


You had 7 spell levels left.
You didn't know any spells.

Dungeon Overview and Level Annotations

Branches:
Dungeon (7/15)             Temple (0/1) D:4

Altars:
Ashenzari
Gozag
Trog
Vehumet
Zin
The Shining One


Innate Abilities, Weirdness & Mutations

You are resistant to damage.
You can heal yourself by infusing magical energy.
You passively map a small area around you.
You do not regenerate.


Message History

The bolt closely misses the two-headed ogre.
The two-headed ogre hits you with a giant club!
* * * LOW HITPOINT WARNING * * *
The two-headed ogre closely misses you.
It was a potion of curing.
You feel better.
The two-headed ogre hits you with a giant club!
* * * LOW HITPOINT WARNING * * *
The two-headed ogre hits you with a giant club!
* * * LOW HITPOINT WARNING * * *
You feel better.
The two-headed ogre hits you with a giant club!
* * * LOW HITPOINT WARNING * * *
The two-headed ogre hits you with a giant club.
Firing (i - inventory):
d - 25 bolts (quivered)
Press: ? - help, Shift-Dir - straight line, f/p - two-headed ogre
Aim: a two-headed ogre, wielding two giant clubs (heavily wounded)
You shoot a bolt. The bolt hits the two-headed ogre!!
The two-headed ogre is severely wounded.
The two-headed ogre hits you with a giant club!
You die...

, , #,#....(. ,
#. #...# #.#
,#(# ** * ...
#.# *
#####.###.#
..........###.#
*
####.#.......#
#.. #O#######
#.# #@# ,, *
#.###.#,*
#.#...#,
###.#.###.#
#.........#
#.#.#.##### *,
#...#..<#
######### *


You could see a two-headed ogre.

Vanquished Creatures
  The ghost of polly the Bolt Thrower, an amateur FoHu (D:4)
  Edmund (D:6)
  A centaur (D:6)
  5 ogres
  2 bullfrogs (D:6)
  A howler monkey (D:6)
  4 crimson imps
  A bullfrog zombie (D:5)
  2 jellies (D:6)
  A bullfrog skeleton (D:6)
  Crazy Yiuf (D:3)
  A hound (D:5)
  3 orc wizards (D:4)
  Jessica (D:3)
  An iguana (D:5)
  Ijyb (D:2)
  Natasha (twice) (D:2)
  A worker ant (D:6)
  A killer bee zombie (D:6)
  4 gnolls (D:2)
  6 adders
  3 shadow imps
  2 oozes
  An adder skeleton (D:6)
  7 worms
  A dart slug (D:4)
  4 leopard geckos
  6 orcs
  A ball python (D:1)
  A giant cockroach (D:1)
  7 hobgoblins
  10 jackals
  4 kobolds
  A quokka (D:2)
  9 bats
  5 frilled lizards
  6 goblins
  A leopard gecko zombie (D:5)
  A quokka skeleton (D:5)
  7 rats
118 creatures vanquished.

Notes
Turn   | Place    | Note
-------+----------+-------------------------------------------
     0 | D:1      | polly the Deep Dwarf Hunter began the quest for the Orb.
     0 | D:1      | Reached XP level 1. HP: 19/19 MP: 1/1
   112 | D:1      | Reached XP level 2. HP: 26/26 MP: 2/2
   119 | D:1      | Reached skill level 5 in Crossbows
   256 | D:1      | You fall through a shaft!
   518 | D:2      | Noticed Ijyb
   524 | D:2      | Reached XP level 3. HP: 19/32 MP: 3/3
   586 | D:2      | Killed Ijyb
   586 | D:2      | Reached XP level 4. HP: 26/39 MP: 3/3
   741 | D:2      | Noticed Natasha
   745 | D:2      | Reached skill level 1 in Armour
  1072 | D:2      | Killed Natasha
  1072 | D:2      | Reached skill level 6 in Crossbows
  1599 | D:2      | Reached XP level 5. HP: 41/46 MP: 3/3
  1827 | D:2      | Noticed Natasha
  1839 | D:2      | Killed Natasha
  1839 | D:2      | Reached skill level 1 in Short Blades
  2100 | D:3      | Found a bloodstained altar of Trog.
  2117 | D:3      | Found a glowing silver altar of Zin.
  2117 | D:3      | Found an opulent altar of Gozag.
  2125 | D:3      | Became a worshipper of Trog the Wrathful
  2484 | D:3      | Noticed Jessica
  2487 | D:3      | Killed Jessica
  2972 | D:3      | Found a runed door.
  3081 | D:3      | Noticed Crazy Yiuf
  3085 | D:3      | Killed Crazy Yiuf
  3085 | D:3      | Reached XP level 6. HP: 44/55 MP: 3/3
  3215 | D:4      | Reached skill level 7 in Crossbows
  3287 | D:4      | Found a shattered altar of Ashenzari.
  3337 | D:4      | Noticed polly's ghost (amateur FoHu)
  3357 | D:4      | Killed polly's ghost
  3391 | D:4      | Found a staircase to the Ecumenical Temple.
  3543 | D:4      | Reached * piety under Trog
  3543 | D:4      | Reached XP level 7. HP: 28/62 MP: 3/3
  4077 | D:4      | Reached skill level 8 in Crossbows
  4157 | D:5      | Entered Level 5 of the Dungeon
  4786 | D:5      | Found a glowing golden altar of the Shining One.
  4891 | D:5      | Reached XP level 8. HP: 30/72 MP: 4/4
  5365 | D:6      | Reached skill level 1 in Polearms
  5572 | D:6      | Noticed Edmund
  5654 | D:6      | Killed Edmund
  5654 | D:6      | Reached skill level 5 in Fighting
  5851 | D:6      | Found a radiant altar of Vehumet.
  6133 | D:7      | Noticed a two-headed ogre
  6153 | D:7      | Slain by a two-headed ogre

Vault maps used:
D:1:      minmay_arrival_checkered_box, serial_bayou_lake_a
D:2:      uniq_natasha, uniq_iyjb
D:3:      grunt_temple_overflow_open, uniq_crazy_yiuf_cottage, uniq_jessica
D:4:      minmay_temple_entry_mist, nicolae_ashenzari_panopticon
D:5:      first_bread, tso_metal_star
D:6:      vehumet_crystals, serial_co_window_serial, co_window_of_opportunity_a,
          co_window_of_opportunity_a, co_window_corner_a, co_window_corner_a,
          co_window_of_opportunity_a, co_window_cross_1, co_window_corner_cb,
          co_window_broadway_a, co_window_corner_cb, co_window_broadway_a,
          co_window_broadway_c, co_window_unsneaky_path_e, glass_columns_a,
          glass_columns_b, glass_columns_a, glass_columns_b, uniq_edmund

Skill      XL: |  1  2  3  4  5  6  7  8 |
---------------+-------------------------+-----
Crossbows      | 5 6 7 8 |  8.7
Fighting       | 2 3 4 5 |  5.2
Armour         | 1 2 3 4 |  4.6
Short Blades   | 1 2 |  2.4
Dodging        | 3 |  3.5
Stealth        | 2 |  2.0
Polearms       | 2 |  2.4
Maces & Flails | |  0.2
Throwing       | |  0.3

Action                   |  1- 3 |  4- 6 |  7- 9 || total
-------------------------+-------+-------+-------++-------
Melee: Short sword       |    22 |     4 |    63 ||    89
       Spear             |       |       |   181 ||   181
       Flail             |       |       |    19 ||    19
 Fire: Hand crossbow     |    48 |   157 |    45 ||   250
       Arbalest          |       |       |     5 ||     5
Throw: Throwing net      |     1 |       |     1 ||     2
 Abil: Heal Wounds       |     1 |     5 |    13 ||    19
  Use: Potion            |       |       |     2 ||     2
  Eat: Chunk             |       |     7 |     9 ||    16
Armor: Leather armour    |     6 |     8 |    26 ||    40
       Scale mail        |       |       |    84 ||    84
       Chain mail        |       |       |     3 ||     3
Dodge: Dodged            |    18 |    28 |   161 ||   207
